 Dungeon Crawl Stone Soup version 0.29.0-4-gdea44cf6ec (webtiles) character file.

Game seed: 6712557096033659550

143 qw the Chopper (level 5, -3/30 HPs)
             Began as a Tengu Warper on Aug 28, 2022.
             Slain by a necrophage (5 damage)
             ... on level 4 of the Dungeon.
             The game lasted 00:00:19 (3753 turns).

qw the Chopper (Tengu Warper)                       Turns: 3753, Time: 00:00:19

Health: -3/30      AC: 15    Str: 11 (13) XL:     5   Next: 25%
Magic:  9/9        EV:  7    Int: 15 (16) God:
Gold:   147        SH:  0    Dex: 10 (13) Spells: 8/8 levels left

rFire   . . .      SeeInvis .   Y - +1 hand axe
rCold   . . .      Faith    .   (no shield)
rNeg    . . .      Spirit   .   g - +5 plate armour of Dim Light {rElec Int+2}
rPois   .          Reflect  .   (helmet restricted)
rElec   +          Harm     .   (no cloak)
rCorr   .          Rampage  .   (no gloves)
Will    .....                   (boots unavailable)
Stlth   ..........              (no amulet)
HPRegen 0.10/turn               h - +4 ring of evasion
MPRegen 0.11/turn               (no ring)

@: flying quickly and evasively, quick
A: beak, talons 3, nimble flight
a: no special abilities


You were on level 4 of the Dungeon.
You visited 1 branch of the dungeon, and saw 4 of its levels.

You collected 147 gold pieces.


Innate Abilities, Weirdness & Mutations

You have a beak for a mouth.
You have claws for feet.
Your magical nature lets you fly swiftly and evasively.


   Skills:
 - Level 2.0 Fighting
 + Level 5.5 Axes
 - Level 1.0 Throwing
 - Level 2.0 Armour
 - Level 2.1 Dodging
 - Level 2.0 Spellcasting
 - Level 2.4 Translocations


You had 8 spell levels left.
You didn't know any spells.
Your spell library contained the following spells:

 Spells                   Type           Power      Damage    Failure   Level
 Blink                    Tloc           16%        N/A       100%        2
 Gell's Gravitas          Tloc           8%         N/A       100%        3
 Lesser Beckoning         Tloc           8%         N/A       100%        3
 Teleport Other           Tloc           8%         N/A       100%        3
 Manifold Assault         Tloc           8%         N/A       100%        5

Inventory:

Hand Weapons
 f - a +0 whip of freezing
 Y - a +1 hand axe (weapon)
Armour
 g - the +5 plate armour of Dim Light (worn) {rElec Int+2}
   (You found it on level 2 of the Dungeon)

   Int:       It affects your intelligence (+2).
   rElec:     It insulates you from electricity.
Jewellery
 h - a +4 ring of evasion (left hand)
Scrolls
 a - a scroll of poison {unknown}
 l - a scroll of identify
Potions
 c - a potion of mutation
 k - a potion of heal wounds {unknown}
 m - a potion of might {unknown}
 n - a potion of curing
 o - a potion of ambrosia {unknown}
 r - a potion of brilliance {unknown}

Dungeon Overview and Level Annotations

Branches:
Dungeon (4/15)
 Temple: D:4-7

Altars:

Shops:
D:1 (

Annotations:
D:4 Edmund


Message History

Edmund hits you but does no damage.
You hit Edmund but do no damage.
Edmund hits you with a +2 flail of protection.
You hit Edmund but do no damage.
Edmund hits you with a +2 flail of protection.
You hit Edmund but do no damage. You claw Edmund, but do no damage.
Edmund hits you with a +2 flail of protection.
You hit Edmund but do no damage. Your kick misses Edmund.
Your peck misses Edmund. Edmund hits you but does no damage.
You hit Edmund but do no damage.
You hit the necrophage but do no damage.
Edmund hits you but does no damage.
The necrophage hits you but does no damage.
You hit Edmund but do no damage. Your kick misses Edmund.
Your peck misses Edmund. You hit the necrophage.
Edmund hits you but does no damage. The necrophage hits you.
You closely miss the necrophage. Your peck misses the necrophage.
The necrophage is lightly damaged.
You closely miss Edmund.
Edmund hits you with a +2 flail of protection!
The necrophage hits you but does no damage.
You hit the necrophage. You claw the necrophage.
Your peck misses the necrophage.
The necrophage is heavily damaged.
You barely miss Edmund.
Edmund hits you with a +2 flail of protection.
The necrophage hits you but does no damage.
You hit the necrophage. Your peck misses the necrophage.
The necrophage is severely damaged.
You hit Edmund but do no damage.
Edmund hits you with a +2 flail of protection.
The necrophage hits you.
You hit the necrophage but do no damage.
You claw the necrophage, but do no damage.
You peck the necrophage, but do no damage.
The necrophage is severely damaged.
You hit Edmund but do no damage. Edmund hits you but does no damage.
The necrophage hits you.
You die...

.. .# ####.###(
#........
####........ ##.
.........
####..##n@$.....
#.......@.......
....##..........
# .
##..#########
###.# ##..##
......#..##
#......######
......##.....#
#..#.........#
.. ###.#.....#


You could see Edmund and a necrophage.

Vanquished Creatures
  Robin (D:2)
  5 adders
  3 worms
  A dart slug (D:2)
  An orc (D:3)
  5 ball pythons
  4 bats
  4 endoplasms
  2 giant cockroaches
  9 hobgoblins
  4 jackals
  10 kobolds
  5 quokkas
  A frilled lizard (D:2)
  10 goblins
  6 rats
71 creatures vanquished.

Vanquished Creatures (others)
  A plant (D:1)
1 creature vanquished.

Grand Total: 72 creatures vanquished

Notes
Turn   | Place    | Note
-------+----------+-------------------------------------------
     0 | D:1      | qw the Tengu Warper began the quest for the Orb.
     0 | D:1      | Reached XP level 1. HP: 12/12 MP: 4/4
     0 | D:1      | 0 ||| qw: Version: 0.1-a-89-g26bdef1
     0 | D:1      | 0 ||| qw: Game counter: 778
     0 | D:1      | 0 ||| qw: Always use a shield: true
     0 | D:1      | 0 ||| qw: God list: Okawaru
     0 | D:1      | 0 ||| qw: Allow faded altars: false
     0 | D:1      | 0 ||| qw: Do Orc after D:15 true
     0 | D:1      | 0 ||| qw: Do second Lair branch before Depths: true
     0 | D:1      | 0 ||| qw: Lair rune preference: random
     0 | D:1      | 0 ||| qw: Plans: Normal
     0 | D:1      | 0 ||| PLANNING D:1-11
    50 | D:1      | Found Talipt's Antique Weapon Emporium.
    55 | D:1      | 55 ||| SHOPLISTING club (24 gold, have 0).
    55 | D:1      | 55 ||| SHOPLISTING mace (72 gold, have 0).
    55 | D:1      | 55 ||| SHOPLISTING runed flail (156 gold, have 0).
   194 | D:1      | Reached XP level 2. HP: 17/17 MP: 6/6
   206 | D:1      | Reached skill level 3 in Axes
   253 | D:1      | Found a faded altar of an unknown god.
   495 | D:1      | 495 ||| Stepping ~*~*~tactically~*~*~ (water).
  1233 | D:1      | 1233 ||| UPGRADING to +4 ring of evasion.
  1234 | D:1      | 1234 ||| READING scroll labelled TOS ORPHIUDO.
  1235 | D:1      | 1235 ||| READING scroll labelled ENOGUKL KAOLA.
  1236 | D:1      | 1236 ||| DRINKING 2 bubbling brown potions.
  1254 | D:1      | 1254 ||| DROPPING scroll of blinking.
  1255 | D:1      | 1255 ||| DROPPING potion of lignification.
  1341 | D:2      | Identified the +5 plate armour of Dim Light {rElec Int+2}
  1377 | D:2      | Reached XP level 3. HP: 21/21 MP: 7/7
  1425 | D:2      | Reached skill level 4 in Axes
  1604 | D:2      | 1604 ||| Stepping ~*~*~tactically~*~*~ (stealth).
  1606 | D:2      | 1606 ||| Stepping ~*~*~tactically~*~*~ (stealth).
  1672 | D:2      | Noticed Robin
  1673 | D:2      | 1673 ||| Stepping ~*~*~tactically~*~*~ (stealth).
  1677 | D:2      | 1677 ||| FLEEEEING.
  1678 | D:2      | 1678 ||| FLEEEEING.
  1679 | D:2      | 1679 ||| FLEEEEING.
  1680 | D:2      | 1680 ||| FLEEEEING.
  1681 | D:2      | 1681 ||| FLEEEEING.
  1682 | D:2      | 1682 ||| FLEEEEING.
  1683 | D:2      | 1683 ||| FLEEEEING.
  1685 | D:2      | 1685 ||| FLEEEEING.
  1686 | D:2      | 1686 ||| FLEEEEING.
  1687 | D:2      | 1687 ||| FLEEEEING.
  1688 | D:2      | 1688 ||| FLEEEEING.
  1689 | D:2      | 1689 ||| FLEEEEING.
  1690 | D:2      | 1690 ||| FLEEEEING.
  1691 | D:2      | 1691 ||| FLEEEEING.
  1692 | D:2      | 1692 ||| FLEEEEING.
  1693 | D:2      | 1693 ||| FLEEEEING.
  1694 | D:2      | 1694 ||| FLEEEEING.
  1695 | D:2      | 1695 ||| FLEEEEING.
  1696 | D:2      | 1696 ||| FLEEEEING.
  1697 | D:2      | 1697 ||| FLEEEEING.
  1698 | D:2      | 1698 ||| FLEEEEING.
  1700 | D:2      | 1700 ||| FLEEEEING.
  1701 | D:2      | 1701 ||| FLEEEEING.
  1702 | D:2      | 1702 ||| FLEEEEING.
  1703 | D:2      | 1703 ||| FLEEEEING.
  1704 | D:2      | 1704 ||| FLEEEEING.
  1764 | D:2      | 1764 ||| Stepping ~*~*~tactically~*~*~ (stealth).
  1766 | D:2      | Reached XP level 4. HP: 26/26 MP: 8/8
  1767 | D:2      | 1767 ||| Stepping ~*~*~tactically~*~*~ (hiding).
  1773 | D:2      | 1773 ||| Stepping ~*~*~tactically~*~*~ (stealth).
  1778 | D:2      | Killed Robin
  1877 | D:2      | Reached skill level 5 in Axes
  2200 | D:2      | 2200 ||| Stepping ~*~*~tactically~*~*~ (stealth).
  2326 | D:2      | 2326 ||| UPGRADING to +0 ring mail.
  2336 | D:2      | 2336 ||| DROPPING +0 leather armour.
  2337 | D:2      | 2337 ||| UPGRADING to +5 plate armour of Dim Light {rElec
                  | Int+2}.
  2347 | D:2      | 2347 ||| DROPPING +0 ring mail.
  2348 | D:2      | 2348 ||| DRINKING 2 orange potions.
  2349 | D:2      | 2349 ||| DROPPING potion of attraction.
  2422 | D:3      | 2422 ||| Stepping ~*~*~tactically~*~*~ (stealth).
  2651 | D:3      | 2651 ||| Stepping ~*~*~tactically~*~*~ (stealth).
  2965 | D:3      | Gained mutation: Your magical nature lets you fly swiftly
                  | and evasively. [Tengu growth]
  2965 | D:3      | Reached XP level 5. HP: 29/30 MP: 9/9
  3260 | D:3      | 3260 ||| Stepping ~*~*~tactically~*~*~ (stealth).
  3504 | D:3      | 3504 ||| READING 2 scrolls labelled QUNGENN PIMME.
  3505 | D:3      | 3505 ||| READING scroll labelled MYTAPE PORHU.
  3506 | D:3      | 3506 ||| READING scroll labelled PAETAK HOECOTS.
  3643 | D:3      | 3643 ||| READING scroll labelled KUWKEI TUYLOM.
  3644 | D:3      | 3644 ||| READING scroll labelled RYOGOME PAJAA.
  3645 | D:3      | 3645 ||| DRINKING 2 emerald potions.
  3646 | D:3      | 3646 ||| DRINKING 2 bubbling silvery potions.
  3647 | D:3      | 3647 ||| READING 3 scrolls of identify.
  3647 | D:3      | 3647 ||| IDENTIFYING fizzy sapphire potion
  3648 | D:3      | 3648 ||| READING 2 scrolls of identify.
  3648 | D:3      | 3648 ||| IDENTIFYING murky grey potion
  3649 | D:3      | 3649 ||| DROPPING scroll of immolation.
  3650 | D:3      | 3650 ||| DROPPING potion of degeneration.
  3651 | D:3      | 3651 ||| DROPPING potion of magic.
  3737 | D:4      | Noticed Edmund
  3752 | D:4      | HP: 6/30 [Edmund/+2 flail of protection (2)]
  3752 | D:4      | HP: 2/30 [necrophage (4)]
  3753 | D:4      | Slain by a necrophage

Levels and vault maps discovered:
D:1:      saegor_arrival_fortress, layout_basic, serial_shops, shop,
          shapermc_ecumenical_altar_totnotflames, serial_bayou_ford_a,
          nicolae_titane
D:2:      layout_basic, grunt_ministairs_5, grunt_decor_fettered,
          dk_noncrumbling_3, reono_crystal_passage, dk_vineyard_3, uniq_robin
D:3:      layout_loops_corners
D:4:      layout_rooms, uniq_edmund

Skill      XL: |  1  2  3  4 |
---------------+-------------+-----
Axes           | 3 4 5 |  5.5
Armour         | 2 |  2.0
Fighting       | |  2.0
Throwing       | |  1.0
Dodging        | |  2.1
Spellcasting   | |  2.0
Translocations | |  2.4

Action                   |  1- 3 |  4- 6 || total
-------------------------+-------+-------++-------
Melee: Hand axe          |    44 |    91 ||   135
       Kick              |    11 |    25 ||    36
       Punch             |     1 |       ||     1
       Peck              |     1 |    19 ||    20
Throw: Javelin           |    29 |    37 ||    66
       Boomerang         |    10 |       ||    10
  Use: Scroll            |     2 |     7 ||     9
       Potion            |     1 |     3 ||     4
Armor: Leather armour    |     5 |     3 ||     8
       Plate armour      |       |    44 ||    44
Dodge: Dodged            |    31 |    33 ||    64

Table legend:
 A = Non-vault XP
 B = Vault XP
 C = Vault XP percentage of total XP
 D = Non-vault monster count
 E = Vault monster count
 F = Vault count percentage of total count
                 A         B        C        D         E       F
            +---------+---------+-------+---------+---------+-------
      Total |     167 |      38 |  18.5 |      57 |      14 |  19.7
            +---------+---------+-------+---------+---------+-------
        D:1 |      22 |       0 |   0.0 |      13 |       0 |   0.0
        D:2 |      65 |      38 |  36.9 |      20 |      14 |  41.2
        D:3 |      78 |       0 |   0.0 |      23 |       0 |   0.0
        D:4 |       2 |       0 |   0.0 |       1 |       0 |   0.0
            +---------+---------+-------+---------+---------+-------
